AoeStats
← caesarcaesar

MegaRandom

508360547Analyzed
2v2 RM · 9d ago on Sep 22, 2026· 56m 17s· 4 players
Game mode
Random Map
Map size
Medium (4 player)
Population
200
Speed
Normal
Resources
Standard
Victory
Conquest
Starting age
Dark Age
Ending age
Imperial Age
RankedLock teamsTeams togetherTeam positionsShared explorationLock speedFull tech treeHidden civsTurbo modeCheats
Victory
Defeat
🇲🇽 Spanish · Mexico
1215
+17
🇲🇽 Wei · Mexico
1214
+17
🇺🇸 Wei · United States
1254
-17
🇺🇸 Spanish · United States
1236
-17
echebaum
5:39 Loom
11:43 Feudal Age
12:26 Double-Bit Axe
13:37 Wheelbarrow
15:08 Horse Collar
19:18 Town Watch
23:07 Castle Age
22:19 Stone Mining
24:21 Hand Cart
25:51 Bow Saw
25:44 Heavy Plow
27:16 Scale Barding Armor
27:21 Forging
27:35 Bloodlines
27:36 Husbandry
29:31 Iron Casting
29:16 Chain Barding Armor
29:37 Fletching
32:56 Chain Barding Armor
32:36 Padded Archer Armor
32:34 Bodkin Arrow
33:01 Chain Barding Armor
39:20 Imperial Age
39:21 Cavalier
40:37 Plate Barding Armor
41:02 Blast Furnace
40:28 Conscription
41:25 Gold Mining
41:13 Paladin
48:25 Two-Man Saw
juanpasp2001825
7:13 Loom
10:12 Feudal Age
11:22 Double-Bit Axe
11:53 Horse Collar
17:20 Scale Mail Armor
19:18 Forging
22:25 Castle Age
20:38 Gold Mining
22:54 Pikeman
23:54 Bow Saw
23:45 Heavy Plow
24:08 Chain Mail Armor
24:12 Stone Mining
25:25 Scale Barding Armor
26:39 Gold Shaft Mining
26:57 Chain Barding Armor
27:42 Squires
33:42 Fervor
33:52 Sanctity
35:13 Wheelbarrow
38:54 Imperial Age
39:09 Capped Ram
40:36 Husbandry
40:46 Bloodlines
41:49 Iron Casting
43:37 Hand Cart
43:07 Town Watch
43:05 Halberdier
47:04 Blast Furnace
46:50 Fletching
47:39 Crop Rotation
47:48 Stone Shaft Mining
48:23 Bodkin Arrow
48:57 Parthian Tactics
49:07 Thumb Ring
50:08 Conscription
49:12 Elite Tiger Cavalry
52:04 Hoardings
51:34 Guard Tower
52:05 Ballistics
52:47 Chemistry
54:07 Ming Guang Armor
54:51 Bracer
54:52 Padded Archer Armor
56:32 Bloodlines
55:43 Light Cavalry
terrypk1
6:30 Loom
9:17 Feudal Age
9:52 Double-Bit Axe
10:01 Horse Collar
22:34 Castle Age
21:34 Bloodlines
21:32 Scale Barding Armor
21:51 Gold Mining
22:09 Fishing Lines
22:39 Light Cavalry
24:02 Husbandry
24:40 Fletching
26:34 Padded Archer Armor
27:37 Bow Saw
29:10 Forging
32:10 Stone Mining
32:55 Gold Shaft Mining
35:23 Wheelbarrow
40:06 Imperial Age
38:25 Bodkin Arrow
38:46 Leather Archer Armor
40:20 Hand Cart
40:19 Heavy Hei Guang Cavalry
44:20 Chain Barding Armor
44:25 Town Watch
caesarcaesar
7:32 Loom
10:16 Feudal Age
10:47 Double-Bit Axe
15:55 Fishing Lines
20:12 Castle Age
18:50 Horse Collar
19:14 Scale Mail Armor
19:39 Stone Mining
21:17 Bow Saw
21:15 Fletching
21:34 Gillnets
22:54 Wheelbarrow
22:43 Forging
22:34 Padded Archer Armor
24:00 Scale Barding Armor
25:16 Leather Archer Armor
26:45 Hand Cart
26:37 Heavy Plow
27:00 Husbandry
27:48 Town Watch
35:01 Imperial Age
32:56 Elite Skirmisher
33:55 Bloodlines
33:56 Bodkin Arrow
33:54 Pikeman
35:27 Thumb Ring
36:10 Ballistics
36:51 Chemistry
37:17 Conscription
38:50 Ring Archer Armor
38:21 Bracer
39:11 Squires
40:28 Halberdier
44:23 Two-Man Saw
43:13 Gambesons
45:30 Masonry
44:42 Elite Conquistador
46:59 Light Cavalry
51:25 Hoardings
50:17 Cavalier
55:36 Chain Mail Armor
Connection lost

Rejoining the realm…

Still unreachable

The connection could not be restored.

Session expired

The server has moved on; the page needs a fresh start.